PUB
EDMONTON TRAPPERS @ SAN FRANCISCO MEATBALLS
04/16/1972
 
TOP OF THE 1ST
Edmonton Trappers batting - Pitching for San Francisco Meatballs : RHP Dan Russell
Pitching: RHP Dan Russell
Batting: RHB Simon Decker 0-0: Ball
1-0: Foul Ball, location: 5F
1-1: Ground out 4-3 (Groundball, 4, EV 86.3 MPH)
Batting: RHB Nick Young 0-0: Ball
1-0: Called Strike
1-1: Ball
2-1: Ground out 5-3 (Groundball, 56, EV 110.6 MPH)
Batting: LHB Emílio Martínez 0-0: Ball
1-0: Ball
2-0: Ball
3-0: Base on Balls
Batting: LHB Dave Clark 0-0: Ball
1-0: Ground out 4-3 (Groundball, 34, EV 99.4 MPH)
Top of the 1st over - 0 runs, 0 hits, 0 errors, 1 left on base; Edmonton 0 - San Francisco 0
BOTTOM OF THE 1ST
San Francisco Meatballs batting - Pitching for Edmonton Trappers : RHP Jeroen Verhoeven
Pitching: RHP Jeroen Verhoeven
Batting: LHB José Otero 0-0: Called Strike
0-1: Called Strike
0-2: Strikes out swinging
Batting: SHB Daniel Taylor 0-0: Called Strike
0-1: Swinging Strike
0-2: Ball
1-2: Foul Ball, location: 2F
1-2: Ball
2-2: Ball
3-2: Strikes out swinging
Batting: LHB Jonathan Norton 0-0: Foul Ball, location: 9LSF
0-1: Ball
1-1: Foul Ball, location: 2F
1-2: Strikes out swinging
Bottom of the 1st over - 0 runs, 0 hits, 0 errors, 0 left on base; Edmonton 0 - San Francisco 0
TOP OF THE 2ND
Edmonton Trappers batting - Pitching for San Francisco Meatballs : RHP Dan Russell
Batting: RHB Arnie Pratt 0-0: Ball
1-0: Called Strike
1-1: Ball
2-1: Ball
3-1: Fly out, F7 (Flyball, 78M, EV 90.0 MPH)
Batting: LHB Peter Reece 0-0: Swinging Strike
0-1: Swinging Strike
0-2: Ball
1-2: Strikes out swinging
Batting: LHB Gary Hays 0-0: Swinging Strike
0-1: Ball
1-1: Fly out, F3 (Popup, 3SF, EV 77.5 MPH)
Top of the 2nd over - 0 runs, 0 hits, 0 errors, 0 left on base; Edmonton 0 - San Francisco 0
BOTTOM OF THE 2ND
San Francisco Meatballs batting - Pitching for Edmonton Trappers : RHP Jeroen Verhoeven
Batting: LHB Jorge López 0-0: Called Strike
0-1: Ball
1-1: Ball
2-1: Swinging Strike
2-2: Foul Ball, location: 2F
2-2: Ball
3-2: Strikes out swinging
Batting: SHB Munenori Sato 0-0: Foul Ball, location: 2F
0-1: Called Strike
0-2: Foul Ball, location: 2F
0-2: Foul Ball, location: 2F
0-2: Foul Ball, location: 2F
0-2: Ball
1-2: Strikes out swinging
Batting: LHB Larry Richardson 0-0: Ball
1-0: Foul Ball, location: 9LSF
1-1: Ball
2-1: Foul Ball, location: 2F
2-2: Ball
3-2: Foul Ball, location: 2F
3-2: Strikes out swinging
Bottom of the 2nd over - 0 runs, 0 hits, 0 errors, 0 left on base; Edmonton 0 - San Francisco 0
TOP OF THE 3RD
Edmonton Trappers batting - Pitching for San Francisco Meatballs : RHP Dan Russell
Batting: SHB Joe Ramírez 0-0: Ball
1-0: Swinging Strike
1-1: Ball
2-1: Ball
3-1: SOLO HOME RUN (Flyball, 9LD, EV 98.1 MPH), Distance : 350 ft
Batting: RHB Jeroen Verhoeven 0-0: Swinging Strike
0-1: Foul Ball, location: 9LMF
0-2: Ball
1-2: Foul Ball, location: 25FF
1-2: Strikes out swinging
Batting: RHB Simon Decker 0-0: Foul Ball, location: 3FF
0-1: Foul Ball, location: 5FF
0-2: Ball
1-2: Foul Ball, location: 9LDF
1-2: Foul Ball, location: 3F
1-2: Foul Ball, location: 23F
1-2: Ground out 5-3 (Groundball, 56S, EV 91.3 MPH)
Batting: RHB Nick Young 0-0: Ball
1-0: Ball
2-0: Ground out 5-3 (Groundball, 56S, EV 83.8 MPH)
Top of the 3rd over - 1 run, 1 hit, 0 errors, 0 left on base; Edmonton 1 - San Francisco 0
BOTTOM OF THE 3RD
San Francisco Meatballs batting - Pitching for Edmonton Trappers : RHP Jeroen Verhoeven
Batting: LHB Johnny Edwards 0-0: Called Strike
0-1: Swinging Strike
0-2: Ball
1-2: Strikes out swinging
Batting: RHB Dave Concepcion 0-0: Ball
1-0: Ball
2-0: Foul Ball, location: 9LSF
2-1: Foul Ball, location: 3F
2-2: Foul Ball, location: 2F
2-2: Foul Ball, location: 5FF
2-2: Foul Ball, location: 2F
2-2: Strikes out swinging
Batting: RHB Dan Russell 0-0: Ball
1-0: Called Strike
1-1: Swinging Strike
1-2: Strikes out swinging
Bottom of the 3rd over - 0 runs, 0 hits, 0 errors, 0 left on base; Edmonton 1 - San Francisco 0
TOP OF THE 4TH
Edmonton Trappers batting - Pitching for San Francisco Meatballs : RHP Dan Russell
Batting: LHB Emílio Martínez 0-0: Foul Ball, location: 3FF
0-1: Foul Ball, location: 2F
0-2: Ball
1-2: Ball
2-2: Ground out 4-3 (Groundball, 34, EV 100.6 MPH)
Batting: LHB Dave Clark 0-0: Ball
1-0: Ball
2-0: Ball
3-0: Called Strike
3-1: Base on Balls
Batting: RHB Arnie Pratt 0-0: Called Strike
0-1: SINGLE (Line Drive, 5D, EV 99.4 MPH)
Dave Clark to second
Batting: LHB Peter Reece 0-0: Foul Ball, location: 2F
0-1: Called Strike
0-2: Strikes out swinging
Batting: LHB Gary Hays 0-0: Ball
1-0: Ball
2-0: Foul Ball, location: 3F
2-1: Called Strike
2-2: Ball
3-2: Strikes out swinging
Top of the 4th over - 0 runs, 1 hit, 0 errors, 2 left on base; Edmonton 1 - San Francisco 0
BOTTOM OF THE 4TH
San Francisco Meatballs batting - Pitching for Edmonton Trappers : RHP Jeroen Verhoeven
Batting: LHB José Otero 0-0: Swinging Strike
0-1: Hit by Pitch
Batting: SHB Daniel Taylor 0-0: Ball
José Otero steals 2nd base (no throw)
1-0: Swinging Strike
1-1: Ball
2-1: Foul Ball, location: 5DF
2-2: Foul Ball, location: 2F
2-2: Strikes out swinging
Batting: LHB Jonathan Norton 0-0: Swinging Strike
0-1: Ball
1-1: Swinging Strike
1-2: Strikes out swinging
Batting: LHB Jorge López 0-0: Foul Ball, location: 5FF
0-1: Called Strike
0-2: Ball
1-2: Ball
2-2: Strikes out swinging
Bottom of the 4th over - 0 runs, 0 hits, 0 errors, 1 left on base; Edmonton 1 - San Francisco 0
TOP OF THE 5TH
Edmonton Trappers batting - Pitching for San Francisco Meatballs : RHP Dan Russell
Batting: SHB Joe Ramírez 0-0: Ball
1-0: Called Strike
1-1: Foul Ball, location: 9LMF
1-2: Foul Ball, location: 2F
1-2: Fly out, F8 (Flyball, 8LD, EV 101.9 MPH)
Batting: RHB Jeroen Verhoeven 0-0: Called Strike
0-1: Ball
1-1: Ball
2-1: Called Strike
2-2: Foul Ball, location: 9LDF
2-2: Ball
3-2: Strikes out swinging
Batting: RHB Simon Decker 0-0: Ball
1-0: Ball
2-0: Foul Ball, location: 2F
2-1: SINGLE (Groundball, 34D, EV 96.3 MPH)
Batting: RHB Nick Young 0-0: Foul Ball, location: 2F
0-1: Ball
Simon Decker steals 2nd base
1-1: Swinging Strike
1-2: Foul Ball, location: 2F
1-2: Foul Ball, location: 3F
1-2: Foul Ball, location: 9LDF
1-2: Ground out 3-1 (Groundball, 34S, EV 82.5 MPH)
Top of the 5th over - 0 runs, 1 hit, 0 errors, 1 left on base; Edmonton 1 - San Francisco 0
BOTTOM OF THE 5TH
San Francisco Meatballs batting - Pitching for Edmonton Trappers : RHP Jeroen Verhoeven
Batting: SHB Munenori Sato 0-0: Called Strike
0-1: Swinging Strike
0-2: Ball
1-2: Foul Ball, location: 2F
1-2: Ball
2-2: Strikes out swinging
Batting: LHB Larry Richardson 0-0: Fly out, F8 (Flyball, 8LM, EV 98.8 MPH)
Batting: LHB Johnny Edwards 0-0: Ball
1-0: Foul Ball, location: 2F
1-1: Foul Ball, location: 3DF
1-2: Foul Ball, location: 2F
1-2: Strikes out looking
Bottom of the 5th over - 0 runs, 0 hits, 0 errors, 0 left on base; Edmonton 1 - San Francisco 0
TOP OF THE 6TH
Edmonton Trappers batting - Pitching for San Francisco Meatballs : RHP Dan Russell
Batting: LHB Emílio Martínez 0-0: Foul Ball, location: 23F
0-1: Ball
1-1: Foul Ball, location: 25FF
1-2: Ball
2-2: Ball
3-2: Foul Ball, location: 2F
3-2: Fly out, F7 (Flyball, 7D, EV 110.6 MPH)
Batting: LHB Dave Clark 0-0: Called Strike
0-1: Ball
1-1: Called Strike
1-2: Hit by Pitch
Batting: RHB Arnie Pratt Pickoff Throw to First - Out! 1-3
0-0: Foul Ball, location: 7LMFF
0-1: Ball
1-1: SOLO HOME RUN (Line Drive, 78XD, EV 100.0 MPH), Distance : 382 ft
Batting: LHB Peter Reece 0-0: Called Strike
0-1: Ball
1-1: Foul Ball, location: 7LSF
1-2: Ball
2-2: Foul Ball, location: 25F
2-2: Ball
3-2: Foul Ball, location: 3FF
3-2: SINGLE (Groundball, 34D, EV 96.9 MPH)
Pitching: RHP Cipriano Valdés
Now at C: Jake Brown
Batting: LHB Gary Hays 0-0: Ball
1-0: Ball
2-0: Swinging Strike
2-1: Foul Ball, location: 2F
2-2: Strikes out swinging
Top of the 6th over - 1 run, 2 hits, 0 errors, 1 left on base; Edmonton 2 - San Francisco 0
BOTTOM OF THE 6TH
San Francisco Meatballs batting - Pitching for Edmonton Trappers : RHP Jeroen Verhoeven
Batting: RHB Dave Concepcion 0-0: Ball
1-0: Swinging Strike
1-1: Foul Ball, location: 25F
1-2: Ball
2-2: Ball
3-2: Strikes out swinging
Batting: RHB Jake Brown 0-0: Ball
1-0: Swinging Strike
1-1: Foul Ball, location: 7LDF
1-2: Foul Ball, location: 9LDF
1-2: Ball
2-2: Fly out, F9 (Flyball, 9S, EV 95.0 MPH)
Batting: LHB José Otero 0-0: Called Strike
0-1: Ball
1-1: Foul Ball, location: 9LMF
1-2: Foul Ball, location: 3DF
1-2: Ball
2-2: Ball
3-2: Base on Balls
Batting: SHB Daniel Taylor 0-0: Called Strike
0-1: Ball
José Otero steals 2nd base (no throw)
1-1: SINGLE (Flyball, 5D, EV 88.1 MPH)
José Otero to third
Runner from 3rd tries for Home, SAFE, throw by LF to home
Batting: LHB Jonathan Norton 0-0: Called Strike
Daniel Taylor steals 2nd base (no throw)
0-1: Called Strike
0-2: Ground out 2-3 (Groundball, 2L, EV 69.4 MPH)
Bottom of the 6th over - 1 run, 1 hit, 0 errors, 1 left on base; Edmonton 2 - San Francisco 1
TOP OF THE 7TH
Edmonton Trappers batting - Pitching for San Francisco Meatballs : RHP Cipriano Valdés
Batting: SHB Joe Ramírez 0-0: Ball
1-0: DOUBLE (Groundball, 3L, EV 102.5 MPH)
Batting: RHB Jeroen Verhoeven 0-0: Bunted foul
0-1: Sac Bunt to 25 - play at first, batter OUT! 5-4
Joe Ramírez to third
Batting: RHB Simon Decker 0-0: Intentional Walk
Batting: RHB Nick Young 0-0: Ball
1-0: Called Strike
1-1: Ball
2-1: SINGLE (Groundball, 34D, EV 95.6 MPH)
Joe Ramírez scores
Simon Decker to second
Runner from 2nd tries for 3rd, SAFE, throw by RF made to third
Batting: LHB Emílio Martínez 0-0: Ball
1-0: Ball
2-0: Swinging Strike
2-1: Ball
3-1: Foul Ball, location: 2F
3-2: Base on Balls
Nick Young to second
Batting: LHB Dave Clark 0-0: Fly out, F3 (Popup, 3SF, EV 72.5 MPH)
Batting: RHB Arnie Pratt 0-0: Fly out, F8 (Flyball, 89D, EV 107.5 MPH)
Top of the 7th over - 1 run, 2 hits, 0 errors, 3 left on base; Edmonton 3 - San Francisco 1
BOTTOM OF THE 7TH
San Francisco Meatballs batting - Pitching for Edmonton Trappers : RHP Jeroen Verhoeven
Now at 2B: Joe Ramírez
Now at SS: Zoilo Versalles
Batting: LHB Jorge López 0-0: Ball
1-0: Foul Ball, location: 25FF
1-1: Ball
2-1: Called Strike
2-2: Strikes out swinging
Batting: SHB Munenori Sato 0-0: Ball
1-0: Called Strike
1-1: Foul Ball, location: 2F
1-2: Ball
2-2: Ball
3-2: Foul Ball, location: 7LMF
3-2: DOUBLE (Line Drive, 78XD, EV 105.6 MPH)
Batting: LHB Larry Richardson 0-0: Ball
1-0: Called Strike
1-1: Ball
2-1: Ground out 4-3 (Groundball, 4, EV 88.1 MPH)
Munenori Sato to third
Pinch Hitting: SHB Nathan McClain 0-0: Foul Ball, location: 7LDF
0-1: Foul Ball, location: 9LSF
0-2: Foul Ball, location: 2F
0-2: Foul Ball, location: 2F
0-2: Ball
1-2: Ball
2-2: SINGLE (Line Drive, 4D, EV 107.5 MPH)
Munenori Sato scores
Batting: RHB Dave Concepcion 0-0: Called Strike
0-1: Ball
1-1: Ball
2-1: Foul Ball, location: 2F
2-2: Fly out, F6 (Popup, 6M, EV 61.3 MPH)
Bottom of the 7th over - 1 run, 2 hits, 0 errors, 1 left on base; Edmonton 3 - San Francisco 2
TOP OF THE 8TH
Edmonton Trappers batting - Pitching for San Francisco Meatballs : RHP Cipriano Valdés
Pitching: LHP Dick Ellsworth
Batting: LHB Peter Reece 0-0: Ball
1-0: Fly out, F8 (Flyball, 8RS, EV 80.0 MPH)
Batting: LHB Gary Hays 0-0: Ground out 5-3 (Groundball, 56, EV 105.6 MPH)
Batting: SHB Joe Ramírez 0-0: Called Strike
0-1: Foul Ball, location: 2F
0-2: Strikes out swinging
Top of the 8th over - 0 runs, 0 hits, 0 errors, 0 left on base; Edmonton 3 - San Francisco 2
BOTTOM OF THE 8TH
San Francisco Meatballs batting - Pitching for Edmonton Trappers : RHP Jeroen Verhoeven
Pitching: RHP Héctor Rodríguez
Now at 1B: Peter Reece
Now in RF: Konosuke Ishida
Batting: RHB Jake Brown 0-0: Ball
1-0: Ball
2-0: Called Strike
2-1: Called Strike
2-2: Ground out 6-3 (Groundball, 6, EV 106.9 MPH)
Batting: LHB José Otero 0-0: Called Strike
0-1: Called Strike
0-2: Ball
1-2: Ball
2-2: Foul Ball, location: 7LMF
2-2: Ball
3-2: Ground out 6-3 (Groundball, 6M, EV 103.8 MPH)
Batting: SHB Daniel Taylor 0-0: Ball
1-0: Ball
2-0: Called Strike
2-1: Called Strike
2-2: Strikes out swinging passed ball, reaches first!
Batting: LHB Jonathan Norton 0-0: Ball
1-0: Swinging Strike
1-1: Ball
Daniel Taylor steals 2nd base
2-1: Fly out, F4 (Popup, 4S, EV 74.4 MPH)
Bottom of the 8th over - 0 runs, 0 hits, 0 errors, 1 left on base; Edmonton 3 - San Francisco 2
TOP OF THE 9TH
Edmonton Trappers batting - Pitching for San Francisco Meatballs : LHP Dick Ellsworth
Batting: LHB Konosuke Ishida 0-0: Fly out, F7 (Flyball, 7LM, EV 93.1 MPH)
Batting: RHB Simon Decker 0-0: Ball
1-0: Ball
2-0: Swinging Strike
2-1: Fly out, F8 (Flyball, 8RD, EV 99.4 MPH)
Batting: RHB Zoilo Versalles 0-0: Ball
1-0: Fly out, F7 (Flyball, 7, EV 93.8 MPH)
Top of the 9th over - 0 runs, 0 hits, 0 errors, 0 left on base; Edmonton 3 - San Francisco 2
BOTTOM OF THE 9TH
San Francisco Meatballs batting - Pitching for Edmonton Trappers : RHP Héctor Rodríguez
Batting: LHB Jorge López 0-0: Called Strike
0-1: Foul Ball, location: 9LMFF
0-2: Ball
1-2: Ball
2-2: Ground out 4-3 (Groundball, 4, EV 91.3 MPH)
Batting: SHB Munenori Sato 0-0: Called Strike
0-1: Ball
1-1: Foul Ball, location: 7LDF
1-2: Ball
2-2: Ball
3-2: Strikes out swinging
Batting: LHB Larry Richardson 0-0: Called Strike
0-1: Ball
1-1: Ground out U3 (Groundball, 3, EV 83.8 MPH)
Bottom of the 9th over - 0 runs, 0 hits, 0 errors, 0 left on base; Edmonton 3 - San Francisco 2
Tuesday, February 27th , 2024 - OOTP Baseball 24.8 Build 75